 Dungeon Crawl Stone Soup version 0.22-a0-398-g8bb545f (webtiles) character file.

189982 varam the Fighter (level 18, -1/145 HPs)
             Began as a Gnoll Wanderer on May 4, 2018.
             Was an Initiate of Gozag.
             Slain by a vault warden
             ... wielding a +3 bardiche of chopping
              (2 damage)
             ... on level 1 of the Vaults on May 5, 2018.
             The game lasted 03:53:19 (48321 turns).

varam the Fighter (Gnoll Wanderer)                 Turns: 48321, Time: 03:53:20

Health: -1/145     AC: 17    Str: 17    XL:     18   Next: 15%
Magic:  16/33      EV: 18    Int: 25    God:    Gozag
Gold:   6897       SH: 18    Dex: 16    Spells: 2/40 levels left

rFire    + . .     SeeInvis .   X - +3 broad axe "Nusmyom" {drain, +Fly rElec Str+3 Int+4}
rCold    + + +     Gourm    .   c - +0 large shield
rNeg     . . .     Faith    .   g - +1 robe of the Tormentor {rF+ rC+++ Str-3 Dex+4}
rPois    +         Spirit   .   k - +1 hat
rElec    +         Reflect  .   C - +2 cloak {rPois}
rCorr    .         Harm     .   h - +1 pair of gloves
MR       +....                  B - +2 pair of boots {run}
Stlth    ++++++....             U - amulet of the acrobat
HPRegen  1.34/turn              p - +3 ring of protection
MPRegen  0.23/turn              b - ring "Behylet" {Wiz Int+2 Dex-4 Slay+3 Stlth+}

@: marked, singing, regenerating, deflect missiles, quick
A: distributed training, fangs 1, strong nose
}: 1/15 runes: decaying
a: Potion Petition, Call Merchant, Bribe Branch, Renounce Religion, Evoke Flight


You were on level 1 of the Vaults.
You worshipped Gozag.
Gozag was greatly pleased with you.
You were very hungry.

You visited 7 branches of the dungeon, and saw 30 of its levels.
You visited 1 bazaar.
You also visited: Volcano.

You collected 11206 gold pieces.
You spent 2600 gold pieces at shops.
You paid 1709 gold pieces to Gozag.

Inventory:

Hand Weapons
 z - a +0 hand crossbow
 I - a +0 blowgun
 X - the +3 broad axe "Nusmyom" (weapon) {drain, +Fly rElec Str+3 Int+4}
   (You found it on level 5 of the Lair of Beasts)

   A truly terrible weapon, it drains the life of those it strikes.
   It affects your strength (+3).
   It affects your intelligence (+4).
   It insulates you from electricity.
   It lets you fly.
Missiles
 i - 13 needles of sleeping
 y - 15 bolts
 J - a steel tomahawk (quivered)
 K - a javelin
 L - 40 tomahawks
Armour
 c - a +0 large shield (worn)
 g - the +1 robe of the Tormentor (worn) {rF+ rC+++ Str-3 Dex+4}
   (You found it on level 2 of the Lair of Beasts)

   It affects your strength (-3).
   It affects your dexterity (+4).
   It protects you from fire.
   It renders you almost immune to cold.
 h - a +1 pair of gloves (worn)
 k - a +1 hat (worn)
 l - a +2 buckler
 B - a +2 pair of boots of running (worn)
 C - a +2 cloak of poison resistance (worn)
Jewellery
 b - the ring "Behylet" (right hand) {Wiz Int+2 Dex-4 Slay+3 Stlth+}
   (You acquired it on level 1 of the Lair of Beasts)

   [ring of wizardry]

   It improves your spell success rate.
   It affects your intelligence (+2).
   It affects your dexterity (-4).
   It affects your accuracy and damage with ranged weapons and melee attacks
   (+3).
   It makes you more stealthy.
 p - a +3 ring of protection (left hand)
 U - an amulet of the acrobat (around neck)
Wands
 f - a wand of iceblast (7) {@v4}
 v - a wand of digging (14)
 D - a wand of acid (13) {@v2}
 O - a wand of paralysis (20)
 Q - a wand of enslavement (9)
 T - a wand of flame (26)
 W - a wand of disintegration (18)
Scrolls
 j - 2 scrolls of fear
 m - a scroll of enchant armour
 o - 6 scrolls of remove curse
 r - 6 scrolls of magic mapping
 t - 11 scrolls of teleportation
 F - 2 scrolls of immolation
 H - 2 scrolls of amnesia
Potions
 a - 2 potions of haste {unknown}
 d - 5 potions of might
 q - 6 potions of curing
 s - a potion of agility
 u - 6 potions of flight
 A - 3 potions of brilliance
 G - 4 potions of ambrosia
 M - a potion of degeneration {unknown}
Miscellaneous
 n - a lamp of fire
 x - a lightning rod (4/4)
 E - a fan of gales
Comestibles
 e - a ration


   Skills:
 + Level 13.9 Fighting
 + Level 11.7 Short Blades
 + Level 11.7 Long Blades
 + Level 11.9 Axes
 + Level 11.7 Maces & Flails
 + Level 11.7 Polearms
 + Level 11.7 Staves
 + Level 11.7 Slings
 + Level 11.7 Bows
 + Level 11.7 Crossbows
 + Level 11.7 Throwing
 + Level 11.7 Armour
 + Level 11.7 Dodging
 + Level 11.9 Stealth
 + Level 12.4 Shields
 + Level 12.4 Unarmed Combat
 + Level 11.7 Spellcasting
 + Level 10.0 Conjurations
 + Level 10.0 Hexes
 + Level 10.0 Charms
 + Level 10.0 Summonings
 + Level 10.0 Necromancy
 + Level 10.0 Translocations
 + Level 10.0 Transmutations
 + Level 10.0 Fire Magic
 + Level 10.0 Ice Magic
 + Level 10.0 Air Magic
 + Level 10.0 Earth Magic
 + Level 10.0 Poison Magic
 + Level 12.6 Invocations
 + Level 11.7 Evocations


You had 2 spell levels left.
You knew the following spells:

 Your Spells              Type           Power        Failure   Level  Hunger
a - Swiftness             Chrm/Air       ######..     1%          2    None
b - Mephitic Cloud        Conj/Pois/Air  ######..     1%          3    None
c - Conjure Flame         Conj/Fire      ######..     1%          3    None
d - Summon Mana Viper     Hex/Summ       ######..     4%          5    ###....
e - Regeneration          Chrm/Necr      ######....   1%          3    None
f - Summon Lightning Spi  Summ/Air       ######..     1%          4    None
g - Borgnjor's Vile Clut  Necr/Erth      ######....   4%          5    ###....
i - Deflect Missiles      Chrm/Air       ######....   21%         6    #####..
j - Summon Forest         Summ/Tloc      ######....   4%          5    ###....
k - Song of Slaying       Chrm           ######..     1%          2    None


Dungeon Overview and Level Annotations

Branches:
Dungeon (15/15)            Temple (1/1) D:6            Lair (6/6) D:9
  Swamp (4/4) Lair:3       Spider (1/4) Lair:2        Slime (0/5) Lair:6
    Orc (2/2) D:9             Elf (0/3) Orc:2        Vaults (1/5) D:14
 Depths (0/5) D:15

Altars:
Ashenzari
Cheibriados
Dithmenos
Elyvilon
Fedhas
Gozag
Hepliaklqana
Kikubaaqudgha
Makhleb
Nemelex Xobeh
Okawaru
Qazlal
Ru
Sif Muna
Trog
Uskayaw
Vehumet
Wu Jian
Xom
Yredelemnul
Zin
The Shining One
Beogh

Shops:
D:10 *   D:13 }   D:15 *   Orc:2 (([*

Annotations:
Swamp:2 exclusion: lightning spire
Swamp:4 exclusion: Roxanne, Roxanne
Spider:1 Asterion


Innate Abilities, Weirdness & Mutations

Your experience applies equally to all skills.
You have very sharp teeth.
Your uncanny sense of smell can sniff out nearby items.


Message History

* * * LOW HITPOINT WARNING * * *
x2 The vault warden hits you but does no damage.
The yaktaur barely misses your dryad. You block the storm dragon's attack. x2
The storm dragon closely misses you.
The ironheart preserver mumbles some strange words.
The ironheart preserver is healed somewhat.
You hit the storm dragon.
The storm dragon is lightly wounded.
You hit the vault warden.
A tree reaches out and hits the vault warden!
A tree reaches out and hits the ironheart preserver!
Your mana viper closely misses the storm dragon.
Your dryad hits the storm dragon. You block the storm dragon's attack.
The storm dragon misses you. The storm dragon closely misses you.
Your mana viper bites the storm dragon!
The yaktaur hits your dryad! The vault warden misses you.
The vault warden hits you with a bardiche of chopping.
* * * LOW HITPOINT WARNING * * *
You die...
Your body crumbles into a pile of gold.

## #♣[#♣ #...♣ ..#
##...♣# ..#
♣.....# ..+
♣♣.≈≈..#♣ ..#
##.≈(≈≈≈.##..#+#
#$
#...≈≈≈Sp8#..#...o
#..≈≈≈.@Dc#.p#.#.
#♣≈≈≈...Rppp.#.o
#♣≈♣≈...(♣#{O#'###
#♣....♣#♣#{c♣T$.#
#.....# #p.o(#.#
#♣.♣.♣# #O.'...#
#...♣ #Z.#####
♣#[♣# #..# ###
#.(########


You could see 2 ironheart preservers, a storm dragon, 2 vault wardens, 2
yaktaurs, an ogre, a friendly dryad, a friendly mana viper and a friendly
lightning spire.

Vanquished Creatures
  Bai Suzhen (Swamp:3)
  2 thorn hunters
  2 vault wardens (Vaults:1)
  An orc warlord (Orc:2)
  An ironheart preserver (Vaults:1)
  Nessos (Lair:4)
  Snorg (Lair:6)
  A fire dragon (Volcano)
  4 vault guards (D:14)
  17 hydras
  2 catoblepae (Lair:6)
  A ghost crab (Swamp:2)
  6 centaur warriors
  5 ogre magi
  25 two-headed ogres
  9 death yaks
  A tengu warrior (D:13)
  15 alligators
  An orc high priest (Orc:2)
  5 skeletal warriors
  2 spriggan druids (Swamp:4)
  An unseen horror (D:12)
  A deep elf archer (Vaults:1)
  9 swamp dragons
  An ironbrand convoker (Vaults:1)
  A wizard (Vaults:1)
  3 lindwurms
  An orc knight (Orc:1)
  An orb spider (Lair:2)
  2 cyclopes
  4 salamanders
  5 orc sorcerers
  3 manticores
  A wolf spider (Spider:1)
  7 ugly things
  Joseph (D:8)
  3 black mambas
  3 vault sentinels (Vaults:1)
  An elephant (D:9)
  A gargoyle (D:14)
  8 yaktaurs
  10 spiny frogs
  2 kobold demonologists (Swamp:3)
  An efreet (D:14)
  5 komodo dragons
  A tengu conjurer (D:14)
  8 trolls
  3 polar bears (Lair:6)
  7 hornets
  10 tyrant leeches
  Grinder (D:6)
  10 dream sheep (Lair:6)
  4 blink frogs
  26 slime creatures
  6 bog bodies
  5 hippogriffs
  4 redbacks (Spider:1)
  40 yaks
  A vampire (D:12)
  A spriggan (Swamp:3)
  8 wyverns
  3 wraiths
  5 basilisks
  3 hungry ghosts
  A human (D:14)
  14 fire bats
  15 vampire mosquitoes
  A soldier ant (D:12)
  A soldier ant (shapeshifter) (Vaults:1)
  12 swamp worms
  6 insubstantial wisps
  9 water moccasins
  7 porcupines
  An ice beast (shapeshifter) (D:15)
  26 orc warriors
  2 eyes of draining (D:14)
  2 sky beasts
  10 swamp drakes
  6 ice beasts
  A necrophage (D:10)
  30 ogres
  The ghost of whitenoisemaker the Changer, an amateur DrTm (D:3)
  A wolf (Lair:6)
  3 boggarts
  25 centaurs
  4 phantoms
  15 crocodiles
  3 big kobolds
  13 bullfrogs
  A wyvern zombie (D:13)
  A gnoll sergeant (D:6)
  A wyvern skeleton (D:14)
  5 scorpions
  9 killer bees
  11 wights
  3 electric eels (D:9)
  4 howler monkeys
  8 crimson imps
  4 bullfrog zombies
  A quasit (D:12)
  5 centaur zombies
  6 hounds
  A human simulacrum (Vaults:1)
  5 bullfrog skeletons
  12 jellies
  16 orc priests
  7 centaur skeletons
  A gnoll shaman (D:4)
  25 orc wizards
  Terence (D:2)
  6 worker ants
  6 iguanas
  2 hound zombies (D:7)
  A hound skeleton (D:11)
  A worker ant zombie (D:6)
  12 gnolls
  A howler monkey skeleton (D:4)
  8 adders
  4 shadow imps
  5 oozes (D:9)
  An adder zombie (D:9)
  A worm (D:1)
  A dart slug (D:3)
  8 leopard geckos
  96 orcs
  3 giant cockroaches
  10 goblins
  7 hobgoblins
  9 jackals
  2 quokkas
  7 bats
  5 frilled lizards
  3 goblin skeletons (D:6)
  3 hobgoblin zombies (D:6)
  20 kobolds
  A kobold skeleton (D:6)
  2 kobold zombies (D:6)
  2 orc skeletons (D:6)
  An orc zombie (D:6)
  A quokka skeleton (D:4)
  10 rats
  A briar patch (Swamp:4)
  A plant (Lair:6)
901 creatures vanquished.

Vanquished Creatures (collateral kills)
  An ironheart preserver (Vaults:1)
  A stone giant (Orc:1)
  A yaktaur captain (Vaults:1)
  A great orb of eyes (D:15)
  An ice dragon (Vaults:1)
  3 hydras
  5 death yaks
  An alligator (Swamp:3)
  A catoblepas (Lair:6)
  4 two-headed ogres (Orc:2)
  4 skeletal warriors
  6 swamp dragons
  A shambling mangrove (Swamp:2)
  A spriggan druid (Swamp:4)
  2 orc knights
  An ugly thing (D:15)
  A manticore (Lair:6)
  2 spiny frogs
  2 trolls
  2 tyrant leeches
  2 slime creatures (Swamp:3)
  A blink frog (Lair:6)
  2 bog bodies
  3 hornets (Swamp:2)
  3 dream sheep (Lair:6)
  A redback (Spider:1)
  A spriggan (Swamp:3)
  A shadow (Swamp:3)
  4 yaks (Lair:6)
  A wyvern (D:13)
  A yaktaur simulacrum (Vaults:1)
  A vampire mosquito (Swamp:2)
  A warg (Orc:2)
  An acid dragon (D:15)
  A porcupine (Lair:2)
  5 orc warriors
  7 ogres
  2 boggarts (Lair:6)
  A crocodile (Lair:6)
  An orc priest (Orc:2)
  2 orcs (Orc:2)
  2 briar patches (Swamp:4)
85 creatures vanquished.

Vanquished Creatures (others)
  An alligator (Swamp:2)
  A spriggan (Swamp:4)
  2 wyverns (Volcano)
  A hungry ghost (D:13)
  A swamp drake (Swamp:4)
  A centaur (D:13)
  3 killer bees (D:13)
  3 briar patches (Swamp:4)
  A butterfly (D:9)
  2 fungi (Lair:6)
  30 plants
  3 snaplasher vines
49 creatures vanquished.

Grand Total: 1035 creatures vanquished

Notes
Turn   | Place    | Note
-------+----------+-------------------------------------------
     0 | D:1      | varam the Gnoll Wanderer began the quest for the Orb.
     0 | D:1      | varam set off with: a +0 shield, a +0 hand crossbow, 24 bolts, a +0 hand axe, a ration, a +0 robe
     0 | D:1      | Reached XP level 1. HP: 26/26 MP: 1/1
   387 | D:1      | Reached XP level 2. HP: 33/33 MP: 2/2
   904 | D:2      | Noticed Terence
  1010 | D:2      | Reached XP level 3. HP: 31/38 MP: 3/3
  1243 | D:2      | Reached skill level 1 in Invocations
  1280 | D:2      | Reached skill level 1 in Short Blades
  1280 | D:2      | Reached skill level 1 in Long Blades
  1280 | D:2      | Reached skill level 1 in Maces & Flails
  1280 | D:2      | Reached skill level 1 in Polearms
  1280 | D:2      | Reached skill level 1 in Staves
  1280 | D:2      | Reached skill level 1 in Slings
  1280 | D:2      | Reached skill level 1 in Bows
  1280 | D:2      | Reached skill level 1 in Crossbows
  1280 | D:2      | Reached skill level 1 in Throwing
  1280 | D:2      | Reached skill level 1 in Armour
  1280 | D:2      | Reached skill level 1 in Dodging
  1280 | D:2      | Reached skill level 1 in Spellcasting
  1280 | D:2      | Reached skill level 1 in Evocations
  1281 | D:2      | Noticed a hippogriff
  1566 | D:2      | Killed a hippogriff
  1566 | D:2      | Reached skill level 1 in Conjurations
  1566 | D:2      | Reached skill level 1 in Hexes
  1566 | D:2      | Reached skill level 1 in Charms
  1566 | D:2      | Reached skill level 1 in Summonings
  1566 | D:2      | Reached skill level 1 in Necromancy
  1566 | D:2      | Reached skill level 1 in Translocations
  1566 | D:2      | Reached skill level 1 in Transmutations
  1566 | D:2      | Reached skill level 1 in Fire Magic
  1566 | D:2      | Reached skill level 1 in Ice Magic
  1566 | D:2      | Reached skill level 1 in Air Magic
  1566 | D:2      | Reached skill level 1 in Earth Magic
  1566 | D:2      | Reached skill level 1 in Poison Magic
  1566 | D:2      | Reached XP level 4. HP: 18/45 MP: 4/6
  1566 | D:2      | Reached XP level 5. HP: 20/51 MP: 4/7
  1879 | D:2      | Killed Terence
  1879 | D:2      | Reached XP level 6. HP: 51/57 MP: 8/8
  2035 | D:3      | Noticed whitenoisemaker's ghost (amateur DrTm)
  2052 | D:3      | Killed whitenoisemaker's ghost
  2052 | D:3      | Reached skill level 5 in Shields
  2052 | D:3      | Reached skill level 5 in Unarmed Combat
  2437 | D:3      | Found a faded altar of an unknown god.
  3362 | D:4      | Found a white marble altar of Elyvilon.
  3409 | D:4      | Reached XP level 7. HP: 47/63 MP: 10/10
  4677 | D:5      | Entered Level 5 of the Dungeon
  4804 | D:5      | Reached skill level 9 in Fighting
  5640 | D:5      | Found a shadowy altar of Dithmenos.
  5819 | D:5      | Reached XP level 8. HP: 65/71 MP: 12/12
  6568 | D:6      | Noticed Grinder
  6818 | D:1      | You fall through a shaft!
  7039 | D:6      | Paralysed by Grinder for 2 turns
  7046 | D:6      | Paralysed by Grinder for 5 turns
  7052 | D:6      | Killed Grinder
  7345 | D:6      | Reached XP level 9. HP: 30/76 MP: 14/14
  7848 | D:5      | Learned a level 2 spell: Swiftness
  7998 | D:6      | Found a blossoming altar of Fedhas.
  8082 | D:6      | Found a glowing golden altar of the Shining One.
  8225 | D:6      | Found a staircase to the Ecumenical Temple.
  8240 | Temple   | Entered the Ecumenical Temple
  8299 | Temple   | Became a worshipper of Gozag Ym Sagoz the Greedy
  8346 | D:6      | Found a sparkling altar of Nemelex Xobeh.
  8826 | D:6      | Reached skill level 5 in Axes
  9085 | D:7      | Reached skill level 5 in Stealth
  9301 | D:7      | Reached skill level 5 in Invocations
  9349 | D:7      | Found a basalt altar of Yredelemnul.
  9602 | D:8      | Noticed a two-headed ogre
  9834 | D:7      | Reached XP level 10. HP: 85/85 MP: 17/17
 10263 | D:8      | Noticed a two-headed ogre
 10302 | D:8      | HP: 2/85 [acid (13)]
 10579 | D:8      | HP: 4/85 [two-headed ogre/giant club (3)]
 10580 | D:8      | Killed a two-headed ogre
 10580 | D:8      | Reached skill level 5 in Short Blades
 10580 | D:8      | Reached skill level 5 in Long Blades
 10580 | D:8      | Reached skill level 5 in Maces & Flails
 10580 | D:8      | Reached skill level 5 in Polearms
 10580 | D:8      | Reached skill level 5 in Staves
 10580 | D:8      | Reached skill level 5 in Slings
 10580 | D:8      | Reached skill level 5 in Bows
 10580 | D:8      | Reached skill level 5 in Crossbows
 10580 | D:8      | Reached skill level 5 in Throwing
 10580 | D:8      | Reached skill level 5 in Armour
 10580 | D:8      | Reached skill level 5 in Dodging
 10580 | D:8      | Reached skill level 5 in Spellcasting
 10580 | D:8      | Reached skill level 5 in Evocations
 10892 | D:8      | Killed a two-headed ogre
 10892 | D:8      | Reached skill level 10 in Fighting
 11170 | D:8      | Noticed Joseph
 11189 | D:8      | Killed Joseph
 11758 | D:9      | Found a shattered altar of Ashenzari.
 11783 | D:9      | Found a stormy altar of Qazlal.
 11870 | D:9      | Noticed an elephant
 11883 | D:9      | Killed an elephant
 11908 | D:9      | Reached XP level 11. HP: 56/91 MP: 19/19
 12160 | D:9      | Noticed a two-headed ogre
 12202 | D:9      | Found a shimmering altar of Xom.
 12275 | D:9      | Noticed a two-headed ogre
 12287 | D:9      | Killed a two-headed ogre
 12446 | D:9      | Killed a two-headed ogre
 12446 | D:9      | Reached skill level 5 in Conjurations
 12446 | D:9      | Reached skill level 5 in Hexes
 12446 | D:9      | Reached skill level 5 in Charms
 12446 | D:9      | Reached skill level 5 in Summonings
 12446 | D:9      | Reached skill level 5 in Necromancy
 12446 | D:9      | Reached skill level 5 in Translocations
 12446 | D:9      | Reached skill level 5 in Transmutations
 12446 | D:9      | Reached skill level 5 in Fire Magic
 12446 | D:9      | Reached skill level 5 in Ice Magic
 12446 | D:9      | Reached skill level 5 in Air Magic
 12446 | D:9      | Reached skill level 5 in Earth Magic
 12446 | D:9      | Reached skill level 5 in Poison Magic
 13132 | D:9      | Found a staircase to the Orcish Mines.
 13309 | D:9      | Found a staircase to the Lair.
 13752 | D:10     | Entered Level 10 of the Dungeon
 13914 | D:10     | Found Figgirchi's Assorted Antiques.
 13932 | D:10     | Bought a pair of glowing boots for 240 gold pieces
 13937 | D:10     | Identified a +0 pair of boots of running (You bought it in a shop on level 10 of the Dungeon)
 14570 | D:10     | Learned a level 3 spell: Mephitic Cloud
 14574 | D:10     | Learned a level 3 spell: Conjure Flame
 14577 | D:10     | Learned a level 2 spell: Poisonous Vapours
 14595 | D:10     | Noticed a seven-headed hydra
 14731 | Orc:1    | Entered Level 1 of the Orcish Mines
 14745 | Orc:1    | Noticed an orc sorcerer
 14751 | Orc:1    | Killed an orc sorcerer
 15212 | Orc:1    | Found a dark tunnel.
 15256 | Volcano  | Entered a volcano
 15548 | Volcano  | Noticed a salamander
 15614 | Volcano  | Killed a salamander
 15926 | Volcano  | Reached XP level 12. HP: 92/99 MP: 19/22
 16655 | Volcano  | Noticed a two-headed ogre
 16663 | Volcano  | Killed a two-headed ogre
 16688 | Volcano  | Noticed a two-headed ogre
 16812 | Volcano  | Killed a two-headed ogre
 16812 | Volcano  | Reached skill level 11 in Fighting
 17031 | Volcano  | Noticed a fire dragon
 17061 | Volcano  | Killed a fire dragon
 17481 | D:10     | Noticed a two-headed ogre
 17489 | D:10     | Killed a two-headed ogre
 17800 | D:10     | Killed a seven-headed hydra
 19352 | D:12     | Noticed a seven-headed hydra
 19365 | D:12     | Killed a four-headed hydra
 19628 | D:12     | Learned a level 3 spell: Regeneration
 19649 | D:12     | Reached XP level 13. HP: 106/106 MP: 24/24
 19737 | D:12     | Found a gateway to a bazaar.
 19787 | Bazaar   | Entered a bazaar
 19787 | Bazaar   | Found Ixopyh's Food Emporium.
 19787 | Bazaar   | Found Badal's Weapon Shoppe.
 19787 | Bazaar   | Found Atzufogh's Distillery.
 19787 | Bazaar   | Found Demminu's Book Emporium.
 19803 | Bazaar   | Bought a potion of experience for 500 gold pieces
 19843 | Bazaar   | Bought a book of Enchantments for 600 gold pieces
 19843 | Bazaar   | Bought a book of Dreams for 900 gold pieces
 19845 | Bazaar   | Bought 21 bolts for 46 gold pieces
 19851 | Bazaar   | Bought a potion of might for 40 gold pieces
 19954 | D:12     | Reached XP level 14. HP: 113/113 MP: 24/26
 21182 | Lair:1   | Entered Level 1 of the Lair of Beasts
 21200 | Lair:1   | Identified 3 scrolls of acquirement
 21208 | Lair:1   | Got a pitted granite ring
 21216 | Lair:1   | Identified the ring "Behylet" {Wiz Int+2 Dex-4 Slay+3 Stlth+} (You acquired it on level 1 of the Lair of Beasts)
 21563 | Lair:1   | Learned a level 4 spell: Summon Lightning Spire
 21569 | Lair:1   | Learned a level 5 spell: Borgnjor's Vile Clutch
 22124 | Lair:2   | Found a hole to the Spider Nest.
 22128 | Lair:2   | Got a crude robe
 23216 | Lair:3   | Found a staircase to the Swamp.
 24040 | Lair:4   | HP: 1/114 [death yak (18)]
 24491 | Lair:4   | Identified the +1 robe of the Tormentor {rF+ rC+++ Str-3 Dex+4} (You found it on level 2 of the Lair of Beasts)
 24702 | Lair:4   | Noticed Nessos
 24982 | Lair:4   | Killed Nessos
 25739 | Lair:5   | Got a faintly glowing broad axe
 25740 | Lair:5   | Identified the +3 broad axe "Nusmyom" {drain, +Fly rElec Str+3 Int+4} (You found it on level 5 of the Lair of Beasts)
 26008 | Lair:5   | Reached skill level 12 in Fighting
 26008 | Lair:5   | Reached skill level 10 in Shields
 26008 | Lair:5   | Reached skill level 10 in Unarmed Combat
 27233 | Lair:6   | Entered Level 6 of the Lair of Beasts
 27516 | Lair:6   | Found a staircase to the Slime Pits.
 27681 | Lair:6   | Noticed Snorg
 27857 | Lair:6   | Killed Snorg
 28477 | Lair:6   | Reached skill level 10 in Invocations
 28732 | Lair:6   | Reached XP level 15. HP: 62/121 MP: 19/28
 30725 | Orc:2    | Entered Level 2 of the Orcish Mines
 30727 | Orc:2    | Found a roughly hewn altar of Beogh.
 31244 | Orc:2    | Noticed an orc warlord
 31261 | Orc:2    | Killed an orc warlord
 31747 | Orc:2    | Reached skill level 10 in Axes
 31760 | Orc:2    | Reached skill level 10 in Stealth
 31847 | Orc:2    | Found Komug's Weapon Shoppe.
 31847 | Orc:2    | Found Qetemyxa's Weapon Shop.
 31849 | Orc:2    | Found Koen's General Store.
 31849 | Orc:2    | Found Ablacen's Armour Shoppe.
 31860 | Orc:2    | Bought a +1 cloak of poison resistance for 202 gold pieces
 31881 | Orc:2    | Bought a +0 large shield for 72 gold pieces
 32433 | Orc:2    | Found a staircase to the Elven Halls.
 33436 | D:13     | HP: 6/122 [something (8)]
 34646 | Orc:2    | Reached skill level 10 in Short Blades
 34646 | Orc:2    | Reached skill level 10 in Long Blades
 34646 | Orc:2    | Reached skill level 10 in Maces & Flails
 34646 | Orc:2    | Reached skill level 10 in Polearms
 34646 | Orc:2    | Reached skill level 10 in Staves
 34646 | Orc:2    | Reached skill level 10 in Slings
 34646 | Orc:2    | Reached skill level 10 in Bows
 34646 | Orc:2    | Reached skill level 10 in Crossbows
 34646 | Orc:2    | Reached skill level 10 in Throwing
 34646 | Orc:2    | Reached skill level 10 in Armour
 34646 | Orc:2    | Reached skill level 10 in Dodging
 34646 | Orc:2    | Reached skill level 10 in Spellcasting
 34646 | Orc:2    | Reached skill level 10 in Evocations
 34688 | Orc:2    | Learned a level 1 spell: Summon Small Mammal
 34695 | Orc:2    | Learned a level 6 spell: Deflect Missiles
 35490 | D:13     | Found Mauri's Gadget Shoppe.
 36186 | D:14     | Reached XP level 16. HP: 118/129 MP: 30/30
 36853 | D:14     | Found an ancient bone altar of Kikubaaqudgha.
 37086 | D:14     | Got a translucent shortbow
 37092 | D:14     | Identified the +5 shortbow "Worm" {venom, +Blink} (You found it on level 14 of the Dungeon)
 37499 | D:14     | Found a gate to the Vaults.
 37956 | D:14     | Reached skill level 13 in Fighting
 38039 | D:15     | Entered Level 15 of the Dungeon
 38189 | D:15     | Found a basalt altar of Yredelemnul.
 38254 | D:15     | Found a staircase to the Depths.
 38697 | D:15     | Found Exzar's Elemental Accessories.
 39232 | D:15     | Learned a level 5 spell: Summon Forest
 39298 | D:15     | Paralysed by a great orb of eyes for 7 turns
 39791 | Swamp:1  | Entered Level 1 of the Swamp
 41437 | Swamp:2  | Learned a level 2 spell: Song of Slaying
 41978 | Swamp:2  | Noticed a thorn hunter
 42036 | Swamp:2  | Reached XP level 17. HP: 133/137 MP: 31/31
 43420 | Swamp:3  | Noticed Bai Suzhen
 43483 | Swamp:3  | Killed Bai Suzhen
 44491 | Swamp:4  | Entered Level 4 of the Swamp
 46341 | Swamp:4  | Got a decaying rune of Zot
 46502 | Swamp:4  | Noticed Roxanne
 47004 | Lair:1   | Learned a level 5 spell: Summon Mana Viper
 47073 | Spider:1 | Entered Level 1 of the Spider Nest
 47076 | Spider:1 | Noticed Asterion
 47302 | Vaults:1 | Entered Level 1 of the Vaults
 48195 | Vaults:1 | Reached XP level 18. HP: 109/145 MP: 33/33
 48275 | Vaults:1 | Reached skill level 10 in Conjurations
 48275 | Vaults:1 | Reached skill level 10 in Hexes
 48275 | Vaults:1 | Reached skill level 10 in Charms
 48275 | Vaults:1 | Reached skill level 10 in Summonings
 48275 | Vaults:1 | Reached skill level 10 in Necromancy
 48275 | Vaults:1 | Reached skill level 10 in Translocations
 48275 | Vaults:1 | Reached skill level 10 in Transmutations
 48275 | Vaults:1 | Reached skill level 10 in Fire Magic
 48275 | Vaults:1 | Reached skill level 10 in Ice Magic
 48275 | Vaults:1 | Reached skill level 10 in Air Magic
 48275 | Vaults:1 | Reached skill level 10 in Earth Magic
 48275 | Vaults:1 | Reached skill level 10 in Poison Magic
 48320 | Vaults:1 | HP: 5/145 [vault warden/bardiche of chopping (9)]
 48321 | Vaults:1 | HP: 1/145 [vault warden/bardiche of chopping (5)]
 48321 | Vaults:1 | Slain by a vault warden

Vault maps used:
D:1:      lemuel_arrival_muddy, minmay_liquid_box
D:2:      lemuel_upstairs_altar, first_ration, grunt_ministairs_7, uniq_terence
D:3:      chequers_ecumenical_altar_twisty, grunt_ministairs_14,
          kennysheep_generic_room_15
D:4:      elyvilon_altar_5, hangedman_decor_peaks_small
D:5:      grunt_dithmenos_smoke_and_mirrors
D:6:      kennysheep_mini_moat, old_standard_altar, minmay_temple_entry_fiery,
          nicolae_tso_besieged_by_evil, uniq_grinder
D:7:      old_standard_altar, serial_glass, glass_columns_b, glass_columns_c,
          feat_on_display, feat_on_display, feat_on_display, feat_on_display
D:8:      uniq_joseph
D:9:      xom_butterflies, minitemple, david_lair_generic, erik_orc_2,
          hangedman_little_slice_of_home
D:10:     serial_shops, nicolae_shop_crystal
D:12:     serial_shops, bzr_entry_safe
D:13:     serial_shops, shop, lemuel_flamethrower_2
D:14:     grunt_vaults_entry_fortified, minmay_holes, basic_altar
D:15:     hangedman_depths_entry_try_elsewhere_first, yredelemnul_altar_generic,
          hangedman_decor_opposing, spider_trap, nicolae_elemental_shop
Temple:   eino_temple_lava
Lair:1:   wad_woods_road_03
Lair:2:   nicolae_spider_entry_orb_guardian
Lair:3:   swamp_mist_pool
Lair:4:   uniq_nessos
Lair:5:   serial_bayou_shore_b, grunt_megastairs_1
Lair:6:   evilmike_catoblepas_cave, slime_dummy, kilobyte_rumbling_trees,
          uniq_snorg
Swamp:1:  serial_swamp_ruin, evilmike_swamp_ruin_house_1,
          evilmike_swamp_ruin_house_5, evilmike_swamp_ruin_house_6
Swamp:2:  portal_ice_cave_entry_pillars_three, evilmike_swamp_ruin_wall,
          swamp_pool3, infiniplex_staircase_pool
Swamp:3:  evilmike_swamp_ruin_rubble_2, swamp_pool4, cheibrodos_swamp_kobolds,
          uniq_bai_suzhen
Swamp:4:  swamp_alternative, uniq_roxanne
Spider:1: uniq_nikola, uniq_asterion
Orc:1:    nicolae_volcano_entry_batcave
Orc:2:    st_orc_ogre_mass, basic_altar
Vaults:1: nicolae_vaults_mini_display_case, st_hourglassy, v_misc_32,
          v_pattern_4, v_misc_24, v_alt_pattern_2, ontoclasm_vaults_eye,
          grunt_vaults_hallway_short, nicolae_vaults_angled_halls,
          nicolae_vaults_border_crossing, vaults_mumra_chevron_long,
          nicolae_vaults_gold_heap
Bazaar:   bazaar_minmay_row
Volcano:  pf_volcano_lost_world

Skill      XL: |  1  2  3  4  5  6  7  8  9 10 11 12 13 14 15 16 17 18 |
---------------+-------------------------------------------------------+-----
Invocations    | 1 2 3 4 5 6 7 8 9 10 11 12 | 12.6
Short Blades   | 1 2 3 4 5 6 7 8 9 10 11 | 11.7
Long Blades    | 1 2 3 4 5 6 7 8 9 10 11 | 11.7
Maces & Flails | 1 2 3 4 5 6 7 8 9 10 11 | 11.7
Polearms       | 1 2 3 4 5 6 7 8 9 10 11 | 11.7
Staves         | 1 2 3 4 5 6 7 8 9 10 11 | 11.7
Slings         | 1 2 3 4 5 6 7 8 9 10 11 | 11.7
Bows           | 1 2 3 4 5 6 7 8 9 10 11 | 11.7
Crossbows      | 1 2 3 4 5 6 7 8 9 10 11 | 11.7
Throwing       | 1 2 3 4 5 6 7 8 9 10 11 | 11.7
Armour         | 1 2 3 4 5 6 7 8 9 10 11 | 11.7
Dodging        | 1 2 3 4 5 6 7 8 9 10 11 | 11.7
Spellcasting   | 1 2 3 4 5 6 7 8 9 10 11 | 11.7
Evocations     | 1 2 3 4 5 6 7 8 9 10 11 | 11.7
Axes           | 3 4 5 6 7 8 9 10 11 | 11.9
Conjurations   | 1 2 3 4 5 6 7 8 9 10 | 10.0
Hexes          | 1 2 3 4 5 6 7 8 9 10 | 10.0
Charms         | 1 2 3 4 5 6 7 8 9 10 | 10.0
Summonings     | 1 2 3 4 5 6 7 8 9 10 | 10.0
Necromancy     | 1 2 3 4 5 6 7 8 9 10 | 10.0
Translocations | 1 2 3 4 5 6 7 8 9 10 | 10.0
Transmutations | 1 2 3 4 5 6 7 8 9 10 | 10.0
Fire Magic     | 1 2 3 4 5 6 7 8 9 10 | 10.0
Ice Magic      | 1 2 3 4 5 6 7 8 9 10 | 10.0
Air Magic      | 1 2 3 4 5 6 7 8 9 10 | 10.0
Earth Magic    | 1 2 3 4 5 6 7 8 9 10 | 10.0
Poison Magic   | 1 2 3 4 5 6 7 8 9 10 | 10.0
Stealth        | 3 4 5 6 7 8 9 10 11 | 11.9
Shields        | 5 6 7 8 9 10 11 12 | 12.4
Unarmed Combat | 5 6 7 8 9 10 11 12 | 12.4
Fighting       | 9 10 11 12 13 | 13.9

Action                   |  1- 3 |  4- 6 |  7- 9 | 10-12 | 13-15 | 16-18 || total
-------------------------+-------+-------+-------+-------+-------+-------++-------
Melee: Hand axe          |   110 |    67 |       |       |       |       ||   177
       Bite              |     4 |    18 |    55 |    83 |   109 |   156 ||   425
       War axe           |       |    69 |   329 |    59 |       |       ||   457
       Unarmed           |       |    22 |       |       |       |     1 ||    23
       Long sword        |       |    12 |       |       |       |       ||    12
       Mace              |       |       |   147 |    90 |       |       ||   237
       Great sword       |       |       |       |   176 |   189 |       ||   365
       Flail             |       |       |       |   360 |       |       ||   360
       Great mace        |       |       |       |     5 |       |       ||     5
       Glaive            |       |       |       |       |     9 |       ||     9
       Broad axe         |       |       |       |       |   537 |   988 ||  1525
       Punch             |       |       |       |       |     2 |     1 ||     3
 Fire: Hand crossbow     |     8 |     8 |    32 |     6 |       |       ||    54
       Hunting sling     |       |       |    16 |    25 |    42 |    21 ||   104
       Arbalest          |       |       |       |     6 |    23 |       ||    29
       Longbow           |       |       |       |       |    12 |       ||    12
       Shortbow          |       |       |       |       |       |    38 ||    38
       Blowgun           |       |       |       |       |       |     3 ||     3
Throw: Tomahawk          |       |       |    10 |    19 |    22 |    81 ||   132
       Javelin           |       |       |       |    30 |    17 |   104 ||   151
 Cast: Conjure Flame     |       |       |       |     1 |     2 |     1 ||     4
       Swiftness         |       |       |       |     1 |     1 |       ||     2
       Summon Lightning  |       |       |       |       |    30 |    46 ||    76
       Poisonous Vapours |       |       |       |       |     3 |       ||     3
       Mephitic Cloud    |       |       |       |       |     6 |     2 ||     8
       Regeneration      |       |       |       |       |     9 |    37 ||    46
       Borgnjor's Vile C |       |       |       |       |     3 |    11 ||    14
       Summon Forest     |       |       |       |       |       |     6 ||     6
       Deflect Missiles  |       |       |       |       |       |     2 ||     2
       Song of Slaying   |       |       |       |       |       |     3 ||     3
       Summon Small Mamm |       |       |       |       |       |     1 ||     1
       Summon Mana Viper |       |       |       |       |       |     2 ||     2
Invok: Potion Petition   |       |       |       |     3 |       |     2 ||     5
 Abil: Evoke Flight      |       |       |       |       |       |     3 ||     3
       Evoke Blink       |       |       |       |       |       |     1 ||     1
Evoke: Wand              |       |       |     1 |    30 |    11 |    30 ||    72
       Lamp of fire      |       |       |       |       |     2 |     1 ||     3
       Lightning rod     |       |       |       |       |       |     1 ||     1
  Use: Scroll            |       |       |    15 |     8 |    19 |    13 ||    55
       Potion            |       |       |     1 |     1 |     4 |     2 ||     8
 Stab: Sleeping          |     7 |     4 |     4 |     7 |    13 |    24 ||    59
       Distracted        |       |       |       |     3 |     8 |    21 ||    32
       Confused          |       |       |       |       |     4 |     1 ||     5
  Eat: Chunk             |     2 |     5 |    18 |       |       |       ||    25
       Ration            |       |     1 |     1 |     9 |    16 |    13 ||    40
Armor: Robe              |    13 |       |       |       |   150 |   276 ||   439
       Ring mail         |       |    22 |   135 |   159 |       |       ||   316
       Scale mail        |       |       |       |    83 |    69 |       ||   152
Dodge: Dodged            |    33 |    61 |   198 |   348 |   608 |   932 ||  2180
       Deflected         |       |       |       |       |       |    46 ||    46
Block: Shield            |    52 |    79 |   275 |   262 |       |       ||   668
       Buckler           |       |       |       |       |   134 |   331 ||   465
       Large shield      |       |       |       |       |   101 |   418 ||   519
       Rpst.: Long sword |       |     2 |       |       |       |       ||     2
       Great sword       |       |       |       |    43 |    48 |       ||    91

Table legend:
 A = Spawn XP
 B = Non-spawn XP
 C = Spawn XP percentage of total XP
 D = Spawn monster count
 E = Non-spawn monster count
 F = Spawn count percentage of total count
 G = Total turns spent on level
                    A         B        C        D         E        F      G
               +---------+---------+-------+---------+---------+-------+---------
         Total |       0 |  232379 |   0.0 |       0 |     985 |   0.0 | 48321
               +---------+---------+-------+---------+---------+-------+---------
           D:1 |       0 |      29 |   0.0 |       0 |      17 |   0.0 |  1354
           D:2 |       0 |     327 |   0.0 |       0 |      26 |   0.0 |   883
           D:3 |       0 |     173 |   0.0 |       0 |      20 |   0.0 |  1494
           D:4 |       0 |     428 |   0.0 |       0 |      28 |   0.0 |  1586
           D:5 |       0 |     467 |   0.0 |       0 |      18 |   0.0 |  1929
           D:6 |       0 |    2003 |   0.0 |       0 |      47 |   0.0 |  1734
           D:7 |       0 |    1452 |   0.0 |       0 |      24 |   0.0 |  1334
           D:8 |       0 |    3477 |   0.0 |       0 |      23 |   0.0 |  1519
           D:9 |       0 |    4790 |   0.0 |       0 |      63 |   0.0 |  3179
          D:10 |       0 |    4544 |   0.0 |       0 |      46 |   0.0 |  1738
          D:11 |       0 |    1844 |   0.0 |       0 |      16 |   0.0 |  1191
          D:12 |       0 |    7356 |   0.0 |       0 |      36 |   0.0 |  2509
          D:13 |       0 |   10452 |   0.0 |       0 |      48 |   0.0 |  2193
          D:14 |       0 |   20882 |   0.0 |       0 |      71 |   0.0 |  1856
          D:15 |       0 |   13276 |   0.0 |       0 |      37 |   0.0 |  1506
        Lair:1 |       0 |    2099 |   0.0 |       0 |      11 |   0.0 |  1423
        Lair:2 |       0 |    1398 |   0.0 |       0 |       6 |   0.0 |   956
        Lair:3 |       0 |    5920 |   0.0 |       0 |      20 |   0.0 |  1544
        Lair:4 |       0 |    4292 |   0.0 |       0 |      11 |   0.0 |  1417
        Lair:5 |       0 |    4900 |   0.0 |       0 |      24 |   0.0 |  1408
        Lair:6 |       0 |   21457 |   0.0 |       0 |      67 |   0.0 |  3151
       Swamp:1 |       0 |   12574 |   0.0 |       0 |      35 |   0.0 |  1865
       Swamp:2 |       0 |   16530 |   0.0 |       0 |      36 |   0.0 |  1451
       Swamp:3 |       0 |   22591 |   0.0 |       0 |      50 |   0.0 |  2253
       Swamp:4 |       0 |   15887 |   0.0 |       0 |      35 |   0.0 |  1108
      Spider:1 |       0 |    1446 |   0.0 |       0 |       6 |   0.0 |    14
         Orc:1 |       0 |    4465 |   0.0 |       0 |      28 |   0.0 |  1109
         Orc:2 |       0 |   19189 |   0.0 |       0 |      79 |   0.0 |  1636
      Vaults:1 |       0 |   20724 |   0.0 |       0 |      32 |   0.0 |   942
       Volcano |       0 |    7407 |   0.0 |       0 |      25 |   0.0 |  1898
               +---------+---------+-------+---------+---------+-------+---------
